 Dungeon Crawl Stone Soup version 0.29-a0-96-g93358da72b (webtiles) character file.

Game seed: 18168276743403271591

39 cyrus the Caller (level 3, 0/19 HPs)
             Began as a Vampire Summoner on Feb 11, 2022.
             Slain by a bat (1 damage)
             ... on level 3 of the Dungeon.
             The game lasted 00:07:37 (3080 turns).

cyrus the Caller (Vampire Summoner)                 Turns: 3080, Time: 00:07:38

Health: 0/19       AC:  0    Str:  3 (7)  XL:     3   Next: 26%
Magic:  5/6        EV: 19    Int: 15 (19) God:
Gold:   84         SH:  0    Dex: 15 (19) Spells: 3/6 levels left

rFire   . . .      SeeInvis +   (weapon currently unavailable)
rCold   + + .      Faith    .   (shield currently unavailable)
rNeg    + + +      Spirit   .   (armour currently unavailable)
rPois   ∞          Reflect  .   (helmet currently unavailable)
rElec   .          Harm     .   (cloak currently unavailable)
rCorr   .          Rampage  .   (gloves currently unavailable)
Will    .....                   (boots currently unavailable)
Stlth   ++++......              (no amulet)
HPRegen 0.00/turn               (ring currently unavailable)
MPRegen 0.10/turn               (ring currently unavailable)

@: bat-form, flying, bloodless, inhibited regen, very quick
A: fast, flying, no casting, tiny, bloodless, fangs 3, see invisible, vampiric 2
a: Revivify, End Transformation


You were on level 3 of the Dungeon.
You were a vampire bat.
You visited 1 branch of the dungeon, and saw 3 of its levels.

You collected 84 gold pieces.

Inventory:

Hand Weapons
 e - a +0 trident (melded)
Missiles
 c - 6 poisoned darts (quivered)
Armour
 a - a +0 robe (melded)
Scrolls
 b - a scroll of enchant armour {unknown}
 d - a scroll of identify {unknown}
 g - a scroll of magic mapping {unknown}
 h - a scroll of torment {unknown}
 i - a scroll of vulnerability {unknown}
 k - 3 scrolls of teleportation {unknown}
 m - a scroll of brand weapon {unknown}
Potions
 f - a potion of haste {unknown}
 j - a potion of heal wounds {unknown}
 l - a potion of mutation {unknown}
 n - a potion of invisibility {unknown}
 o - a potion of attraction {unknown}


   Skills:
 + Level 0.4 Polearms
 + Level 2.2 Dodging
 + Level 3.3 Stealth
 + Level 2.4 Spellcasting
 + Level 4.7 Summonings


You had 3 spell levels left.
You knew the following spells:

 Your Spells              Type           Power      Damage    Failure   Level
a - Summon Small Mammal   Summ           60%        N/A       3%          1
b - Call Imp              Summ           15%        N/A       4%          2

Your spell library contained the following spells:

 Spells                   Type           Power      Damage    Failure   Level
 Call Canine Familiar     Summ           15%        N/A       10%         3
 Summon Guardian Golem    Hex/Summ       8%         N/A       24%         3
 Summon Lightning Spire   Summ/Air       8%         N/A       63%         4


Dungeon Overview and Level Annotations

Branches:
Dungeon (3/15)

Altars:

Shops:
D:1 (


Innate Abilities, Weirdness & Mutations

You are a vampire bat.
You are tiny and dextrous.
You move quickly.
You are flying.
You are immune to poison.
Your equipment is almost entirely melded.
You are incapable of wielding weapons or throwing items.
You cannot cast spells.
You do not regenerate when monsters are visible.
You are frail without blood (-20% HP).
You can heal yourself when you bite living creatures.
You are immune to poison.
You have razor-sharp teeth.
You have supernaturally acute eyesight. (SInv)
You are afflicted with vampirism and can become a bat while bloodless.


Message History

The ball python bites you.
* * * LOW HITPOINT WARNING * * *
The ball python misses you. The ball python bites you.
* * * LOW HITPOINT WARNING * * *
The ball python barely misses you.
You see here a book of Air.
A bat comes into view.
The helpless bat fails to defend itself.
You draw the bat's blood!
You feel better.
You hit the bat.
The bat is moderately wounded.
The bat misses you.
You hit the bat but do no damage. Your bite misses the bat.
The bat is moderately wounded.
The bat completely misses you. The bat hits you.
* * * LOW HITPOINT WARNING * * *
You hit the bat but do no damage. You bite the bat.
You draw the bat's blood!
You feel better.
The bat is moderately wounded.
The bat closely misses you. The bat closely misses you.
You hit the bat but do no damage. Your bite misses the bat.
The bat is moderately wounded.
The bat hits you.
* * * LOW HITPOINT WARNING * * *
The ball python closely misses you. The ball python misses you.
You closely miss the bat.
The bat is moderately wounded.
The bat hits you.
* * * LOW HITPOINT WARNING * * *
Found a scroll labelled RETYHO IGOAHU.
Found an escape hatch in the floor.
The bat barely misses you.
You hit the bat but do no damage.
The bat is moderately wounded.
The bat misses you. The ball python completely misses you.
The ball python grabs you. The ball python constricts you.
* * * LOW HITPOINT WARNING * * *
The bat closely misses you.
You escape the ball python's grasp.
The bat hits you.
You die...

######.### # #
5......... .#.
.#<####### #.#
...# #.# .### #
#.# .# ###. #.# .#
.....##.#####.. .#
#?..bb...>... .#
#####.######. ..
#S# ## #.#
############ #o#
......##...#####.#
#####.##.#.o.....#
#####/##.:.#######
........###.......


You could see an orc, a bat and a ball python.

Vanquished Creatures
  A dart slug (D:2)
  An orc (D:3)
  3 bats (D:1)
  2 endoplasms (D:1)
  2 giant cockroaches (D:2)
  A goblin (D:2)
  A hobgoblin (D:2)
  A kobold (D:2)
  A quokka (D:2)
  A frilled lizard (D:2)
  3 rats
17 creatures vanquished.

Vanquished Creatures (collateral kills)
  A dart slug (D:2)
  A ball python (D:2)
  An endoplasm (D:2)
  A giant cockroach (D:2)
  A hobgoblin (D:1)
  2 kobolds
  3 bats (D:2)
  2 frilled lizards
  2 rats (D:2)
14 creatures vanquished.

Grand Total: 31 creatures vanquished

Notes
Turn   | Place    | Note
-------+----------+-------------------------------------------
     0 | D:1      | cyrus the Vampire Summoner began the quest for the Orb.
     0 | D:1      | Reached XP level 1. HP: 13/13 MP: 3/3
   171 | D:1      | Found Ecuac's Weapon Boutique.
   457 | D:1      | Reached XP level 2. HP: 19/19 MP: 1/5
   767 | D:1      | Learned a level 2 spell: Call Imp
  1391 | D:2      | Gained mutation: You are afflicted with vampirism and can
                  | become a bat while bloodless. [Vampire growth]
  1391 | D:2      | Reached XP level 3. HP: 24/24 MP: 3/6
  3080 | D:3      | Slain by a bat

Illustrated notes

Levels and vault maps discovered:
D:1:      ncdulo_smallfort, layout_basic, serial_shops,
          nicolae_shop_bloodbath_and_beyond, lemuel_flame_loot_1
D:2:      layout_basic, kennysheep_cross_room, nrook_loot_triangle
D:3:      layout_loops_ring, uniq_ijyb, uniq_crazy_yiuf_cottage, uniq_natasha

Action                   || total
-------------------------++-------
Melee: Trident           ||    57
       Unarmed           ||    20
       Bite              ||     8
Throw: Dart              ||     1
 Cast: Summon Small Mamm ||    11
       Call Imp          ||    15
 Abil: Bat Form          ||     2
       End Transformatio ||     1
       Exsanguinate      ||     1
 Stab: Sleeping          ||     4
Armor: Robe              ||    17
Dodge: Dodged            ||    92

Table legend: (Time is in decaauts)
 A = Elapsed time spent in this place.
 B = Non-inter-level travel time spent in this place.
 C = Inter-level travel time spent in this place.
 D = Time resting spent in this place.
 E = Time spent auto-exploring this place.
 F = Levels seen in this place.
 G = Mean time per level.
                   A        B        C        D        E       F      G
               +--------+--------+--------+--------+--------+-----+--------+
         Total |   3077 |   3077 |      0 |   1265 |   1233 |   3 | 1025.7 |
       Dungeon |   3077 |   3077 |      0 |   1265 |   1233 |   3 | 1025.7 |
               +--------+--------+--------+--------+--------+-----+--------+

Top non-repeatable levels by time:
     D:2: 2174 daAuts
     D:1: 770 daAuts
     D:3: 132 daAuts
